[Event "44th Chess Olympiad Open 2022"]
[Site "Chennai"]
[Date "2022.08.09"]
[Round "11.24"]
[White "Grandelius, Nils"]
[Black "Tin, Jingyao"]
[Result "1/2-1/2"]
[ECO "A11"]
[WhiteElo "2655"]
[BlackElo "2552"]
[Annotator "TA"]
[PlyCount "71"]
[EventDate "2022.07.29"]
[EventType "team-tourn"]
[EventCountry "IND"]
[SourceTitle "playchess.com"]
[Source "ChessBase"]
[SourceQuality "1"]
[WhiteTeam "Sweden"]
[BlackTeam "SGP"]
[WhiteTeamCountry "SWE"]
[TimeControl "40/5400+30:1800+30"]

1. Nf3 d5 2. g3 Nf6 3. Bg2 c6 4. O-O Bg4 5. c4 Nbd7 6. cxd5 cxd5 7. Nc3 e6 8. d4 Bd6 {[%emt 0:00:47] A11: English Opening: 1...c6.} 9. Qb3 Qb6 10. Qxb6 (10. e4 {with more complications.} Nxe4 11. Nxe4 dxe4 12. Ng5) 10... Nxb6 {[%emt 0:02:49] White has an edge.} 11. Ne5 {[%emt 0:00:00] [#]} Bf5 $146 ({Predecessor:} 11... Bh5 12. e4 O-O 13. h3 Nxe4 14. Nxe4 dxe4 15. Bxe4 f6 16. Nd3 Bg6 17. Bxg6 hxg6 {0-1 (123) Rozum,I (2542)-Zakhartsov,V (2499) Bryansk 2021}) 12. f3 {[%emt 0:05:44][%cal Bf2f3,Bf3f4][%mdl 32] Threatens to win with e4.} h6 13. a4 Bxe5 (13... O-O $14) 14. dxe5 $16 Nfd7 15. Nb5 {[%emt 0:14:58] And now a5 would win.} O-O 16. f4 a5 17. b3 Nc5 18. Nd4 Be4 19. Ba3 Rfc8 20. Rfc1 Nbd7 21. Bh3 g6 (21... b6 $14 {was preferrable.}) 22. Rc3 $1 Bf5 {[%emt 0:02:41] [#]} (22... b6 $142) 23. Rac1 $1 $36 {[%emt 0:00:00][%mdl 2048] Keeping Black busy.} b6 (23... Bxh3 24. Bxc5) 24. Bf1 Rcb8 25. e3 $1 Ne4 26. Rc7 Ndc5 27. Bb5 {[%emt 0:03:24] White is more active.} Rc8 28. Rxc8+ Rxc8 29. b4 axb4 30. Bxb4 Kg7 (30... Rb8 $16) 31. Kg2 (31. a5 $18 bxa5 32. Ba3 (32. Bxa5 Rb8 $11)) 31... h5 (31... Ra8 $142) 32. h3 (32. a5 $142 $1 bxa5 33. Ba3 (33. Bxa5 Rb8 $11) (33. Nxf5+ gxf5 34. Bxa5 Rb8 $15)) 32... Rb8 (32... Ra8 $142) 33. Ra1 (33. a5 Nb3 $1 34. Nc6 (34. Nxb3 bxa5 35. Nxa5 Rxb5 $15) 34... Ra8 35. axb6 Nxc1 $11) (33. Be2 $142 $1) 33... Nb7 34. Rc1 (34. Nxf5+ $6 gxf5 35. Kf3 Nbc5 $11) 34... Nbc5 {[%emt 0:04:39] [#]} 35. Ra1 ({Weaker is} 35. a5 {[#]} Nb3 $1 36. Nc6 (36. Nxb3 bxa5 37. Nxa5 Rxb5 $15) 36... Rg8 $15) (35. Be2 $142 $1) 35... Nb7 $1 36. Rc1 {[%emt 0:00:06] Weighted Error Value: White=0.20 (precise) /Black=0.15 (very precise)} ({Much weaker is} 36. Nxf5+ gxf5 37. Kf3 Nbc5 $11) (36. Be2 $16 Nec5 37. Nxf5+ gxf5 38. Bxh5) 1/2-1/2

[Event "44th Chess Olympiad Open 2022"]
[Site "Chennai"]
[Date "2022.08.09"]
[Round "11.24"]
[White "Westerberg, Jonathan"]
[Black "Gong, Qianyun"]
[Result "1-0"]
[ECO "E14"]
[WhiteElo "2476"]
[BlackElo "2275"]
[Annotator "RC"]
[PlyCount "71"]
[EventDate "2022.07.29"]
[EventType "team-tourn"]
[EventCountry "IND"]
[SourceTitle "playchess.com"]
[Source "ChessBase"]
[SourceQuality "1"]
[WhiteTeam "Sweden"]
[BlackTeam "SGP"]
[WhiteTeamCountry "SWE"]
[TimeControl "40/5400+30:1800+30"]

1. d4 Nf6 2. Nf3 e6 3. e3 b6 4. Bd3 Bb7 5. O-O c5 6. c4 Be7 7. Nc3 cxd4 8. exd4 d5 9. cxd5 exd5 10. Ne5 O-O 11. Re1 Nc6 12. Ba6 Nxe5 13. Bxb7 Ng6 14. Bxa8 Qxa8 15. h4 Re8 16. h5 Nf8 17. h6 Ne6 18. hxg7 Qd8 19. Be3 Bd6 20. Qf3 Bb8 21. g3 Kxg7 22. Kg2 Rg8 23. Rh1 Kf8 24. Rh6 Rg6 25. Rah1 Kg7 26. Rxg6+ hxg6 27. g4 g5 28. Qh3 Ng8 29. Qh7+ Kf8 30. Qf5 Bf4 31. Nxd5 Qa8 32. Qe4 Qc8 33. Rh8 Qd8 34. Nxf4 gxf4 35. Bxf4 Qf6 36. Qa8+ 1-0

[Event "44th Chess Olympiad Open 2022"]
[Site "Chennai"]
[Date "2022.08.09"]
[Round "11.24"]
[White "Siddharth, Jagadeesh"]
[Black "Hillarp Persson, Tiger"]
[Result "0-1"]
[ECO "E73"]
[WhiteElo "2426"]
[BlackElo "2516"]
[Annotator "RC"]
[PlyCount "108"]
[EventDate "2022.07.29"]
[EventType "team-tourn"]
[EventCountry "IND"]
[SourceTitle "playchess.com"]
[Source "ChessBase"]
[SourceQuality "1"]
[WhiteTeam "SGP"]
[BlackTeam "Sweden"]
[BlackTeamCountry "SWE"]
[TimeControl "40/5400+30:1800+30"]

1. d4 Nf6 2. c4 g6 3. Nc3 Bg7 4. e4 d6 5. Be2 O-O 6. Be3 c5 7. d5 e6 8. Nf3 exd5 9. cxd5 Re8 10. Nd2 a6 11. a4 b6 12. O-O Ra7 13. h3 Rae7 14. Qc2 Nbd7 15. Rab1 h5 16. Bg5 Re5 17. h4 Rxg5 18. hxg5 Ng4 19. Nf3 Nf8 20. Qd2 Nh7 21. g3 f6 22. gxf6 Qxf6 23. Rbe1 g5 24. Bd1 Qh6 25. Kg2 h4 26. gxh4 Ne5 27. Nxe5 Bxe5 28. Rh1 Bf4 29. Qd3 gxh4 30. Reg1 Nf6 31. Kf1+ Kf7 32. Bc2 Be5 33. Qe3 Qxe3 34. fxe3 h3 35. Ke2 Rh8 36. Rf1 Ke7 37. Kd2 Rh4 38. Ne2 Nh5 39. Rf2 Ng3 40. Nxg3 Bxg3 41. Rf3 Be5 42. Bd1 Bxb2 43. Rhf1 Rh7 44. Rf8 Bd7 45. Bh5 h2 46. R1f7+ Rxf7 47. Rxf7+ Kd8 48. Bf3 Bxa4 49. Rh7 Be5 50. Rb7 b5 51. Rb6 b4 52. Rxa6 Bb5 53. Rb6 Bc4 54. Kc2 Kc7 0-1

[Event "44th Chess Olympiad Open 2022"]
[Site "Chennai"]
[Date "2022.08.09"]
[Round "11.24"]
[White "Wong, Zhenyong Jayden"]
[Black "Berg, Emanuel"]
[Result "1/2-1/2"]
[ECO "E62"]
[WhiteElo "2163"]
[BlackElo "2533"]
[Annotator "RC"]
[PlyCount "75"]
[EventDate "2022.07.29"]
[EventType "team-tourn"]
[EventCountry "IND"]
[SourceTitle "playchess.com"]
[Source "ChessBase"]
[SourceQuality "1"]
[WhiteTeam "SGP"]
[BlackTeam "Sweden"]
[BlackTeamCountry "SWE"]
[TimeControl "40/5400+30:1800+30"]

1. d4 Nf6 2. c4 g6 3. g3 Bg7 4. Bg2 O-O 5. Nc3 d6 6. Nf3 c6 7. e4 Bg4 8. Be3 Qa5 9. h3 Bxf3 10. Bxf3 e5 11. d5 cxd5 12. cxd5 Nbd7 13. g4 Rfc8 14. g5 Ne8 15. Bg4 Qd8 16. h4 a6 17. Qf3 Rc4 18. h5 Nc5 19. hxg6 hxg6 20. Kf1 b5 21. Kg2 b4 22. Ne2 Nxe4 23. b3 Nxg5 24. Bxg5 Qxg5 25. bxc4 f5 26. Rab1 Nf6 27. Rxb4 Nxg4 28. Kf1 Qd2 29. Qb3 e4 30. Rb8+ Rxb8 31. Qxb8+ Bf8 32. Rh8+ Kxh8 33. Qxf8+ Kh7 34. Qe7+ Kg8 35. Qe8+ Kg7 36. Qe7+ Kh6 37. Qh4+ Kg7 38. Qe7+ 1/2-1/2

[Event "44th Chess Olympiad Open 2022"]
[Site "Chennai"]
[Date "2022.08.09"]
[Round "11.25"]
[White "Stefansson, Hannes"]
[Black "Stoyanov, Tsvetan"]
[Result "1-0"]
[ECO "D24"]
[WhiteElo "2541"]
[BlackElo "2450"]
[Annotator "RC"]
[PlyCount "227"]
[EventDate "2022.07.29"]
[EventType "team-tourn"]
[EventCountry "IND"]
[SourceTitle "playchess.com"]
[Source "ChessBase"]
[SourceQuality "1"]
[WhiteTeam "Iceland"]
[BlackTeam "Bulgaria"]
[WhiteTeamCountry "ISL"]
[BlackTeamCountry "BUL"]
[TimeControl "40/5400+30:1800+30"]

1. d4 Nf6 2. c4 e6 3. Nf3 d5 4. Nc3 dxc4 5. e4 b5 6. e5 Nd5 7. Nxb5 Nb6 8. Be2 Nc6 9. Be3 Be7 10. a3 Qd7 11. Nc3 Bb7 12. Qc2 Na5 13. Rd1 Rb8 14. h4 Bc6 15. h5 h6 16. O-O O-O 17. Nd2 Rfd8 18. Rb1 Qc8 19. f4 Nb3 20. Nxb3 cxb3 21. Qd2 Nd5 22. Bd3 Nxe3 23. Qxe3 Qb7 24. Be4 Bxe4 25. Nxe4 Qb6 26. Rbd1 Rd7 27. Rd3 a5 28. Rfd1 a4 29. Nc3 Qa6 30. d5 Rbd8 31. Kh2 Bf8 32. Qe4 Qb7 33. Kh3 exd5 34. Nxd5 c6 35. Nc3 Rxd3+ 36. Rxd3 Qc8+ 37. Kg3 Rxd3+ 38. Qxd3 c5 39. Nxa4 c4 40. Qe4 c3 41. Nxc3 Bxa3 42. Qe2 Bb4 43. Ne4 Qc2 44. Kf3 Bc5 45. Qd2 Bf8 46. f5 Qc8 47. g4 Qc4 48. Qe2 Qd4 49. Nf2 Qd5+ 50. Qe4 Qd2 51. Qe2 Qd5+ 52. Qe4 Qd2 53. Nd3 Qd1+ 54. Qe2 Qh1+ 55. Ke3 Bc5+ 56. Kf4 Be7 57. Ke3 Qd5 58. Qf3 Bg5+ 59. Kf2 Qd4+ 60. Kf1 Qc4 61. Qe2 Qd5 62. Nf2 Bh4 63. Qe4 Qd2 64. Nd3 Qd1+ 65. Kg2 Qc2+ 66. Kf3 Qd1+ 67. Qe2 Qh1+ 68. Ke3 Qd5 69. Kd2 Qa5+ 70. Ke3 Qd5 71. Qf3 Bg5+ 72. Kf2 Qd4+ 73. Kg2 Qc4 74. Qe2 Qc2 75. Kf2 Bh4+ 76. Kf3 Qb1 77. Ke4 Qh1+ 78. Kd4 Qc6 79. Qe4 Qa4+ 80. Ke3 Qa7+ 81. Qd4 Qb7 82. Kd2 Qc6 83. Nc5 Bg5+ 84. Kd3 Qf3+ 85. Kc4 Be3 86. Qe4 Qe2+ 87. Nd3 Qc2+ 88. Kb5 Bg5 89. e6 fxe6 90. fxe6 Bf6 91. Qd5 Kh7 92. Qe4+ Kg8 93. Ka4 Be7 94. Qd5 Qd1 95. Qa8+ Kh7 96. Qe4+ Kg8 97. Qf5 Bf6 98. Kb5 Qc2 99. Qd5 Kh7 100. Ka4 Qd1 101. Qe4+ Kg8 102. Kb5 Qc2 103. Qa8+ Kh7 104. Qd5 Kh8 105. Qc4 Qe2 106. Kb4 Qd1 107. Kc5 Be7+ 108. Kc6 Qf3+ 109. Qd5 Qf8 110. Kc7 Bf6 111. Kb7 Be7 112. Ne5 Qf6 113. Ng6+ Kg8 114. Qf5 1-0

[Event "44th Chess Olympiad Open 2022"]
[Site "Chennai"]
[Date "2022.08.09"]
[Round "11.25"]
[White "Petkov, Momchil"]
[Black "Gretarsson, Hjorvar Steinn"]
[Result "1-0"]
[ECO "B11"]
[WhiteElo "2510"]
[BlackElo "2563"]
[Annotator "RC"]
[PlyCount "185"]
[EventDate "2022.07.29"]
[EventType "team-tourn"]
[EventCountry "IND"]
[SourceTitle "playchess.com"]
[Source "ChessBase"]
[SourceQuality "1"]
[WhiteTeam "Bulgaria"]
[BlackTeam "Iceland"]
[WhiteTeamCountry "BUL"]
[BlackTeamCountry "ISL"]
[TimeControl "40/5400+30:1800+30"]

1. e4 c6 2. Nc3 d5 3. Nf3 Bg4 4. Be2 Nf6 5. h3 Bxf3 6. Bxf3 e5 7. O-O d4 8. Nb1 Bd6 9. d3 c5 10. g3 Nc6 11. Nd2 b5 12. Bg2 h5 13. a4 a6 14. f4 Nd7 15. Nf3 Be7 16. Nxe5 Ndxe5 17. fxe5 Nxe5 18. Rf5 Bd6 19. Bf4 f6 20. Rxh5 O-O 21. Bxe5 Bxe5 22. Qg4 Qe8 23. axb5 axb5 24. Rxa8 Qxa8 25. Kh2 Qe8 26. Qh4 Kf7 27. Rh7 Rg8 28. Qh5+ Ke7 29. Qg4 Qf7 30. h4 Kd6 31. Bh3 c4 32. h5 cxd3 33. cxd3 f5 34. Qxf5 Qxf5 35. exf5 b4 36. Bg4 Bf6 37. h6 gxh6 38. Rxh6 Ke5 39. Kh3 b3 40. Rh7 Bg7 41. Bd1 Kxf5 42. Rh5+ Kf6 43. Rb5 Bf8 44. Bxb3 Rh8+ 45. Kg4 Bd6 46. Rf5+ Ke7 47. Bc4 Rh2 48. b3 Rg2 49. Rf7+ Ke8 50. Rf3 Rg1 51. Kh4 Bb4 52. Kg5 Bd2+ 53. Kf5 Kd7 54. Ke5 Be1 55. g4 Kc6 56. Be6 Kc5 57. Kf6 Bh4+ 58. Kf5 Kb4 59. Bc4 Kc3 60. Rh3 Bd8 61. Rh8 Be7 62. Rg8 Rf1+ 63. Ke6 Bh4 64. g5 Rg1 65. g6 Re1+ 66. Kf5 Rg1 67. g7 Rf1+ 68. Ke6 Re1+ 69. Kf7 Rf1+ 70. Kg6 Rg1+ 71. Kh7 Bf6 72. b4 Rh1+ 73. Kg6 Bxg7 74. Rxg7 Kxb4 75. Kf5 Kc3 76. Rg4 Re1 77. Re4 Rh1 78. Ke5 Rh5+ 79. Kd6 Rh6+ 80. Kd5 Rh5+ 81. Re5 Rh1 82. Kc5 Rg1 83. Rd5 Rg4 84. Bb5 Rg8 85. Rd6 Rg5+ 86. Kb6 Rh5 87. Ka5 Rc5 88. Kb6 Rg5 89. Rc6+ Kd2 90. Ka5 Re5 91. Kb4 Ke3 92. Kc4 Re7 93. Rc8 1-0

[Event "44th Chess Olympiad Open 2022"]
[Site "Chennai"]
[Date "2022.08.09"]
[Round "11.25"]
[White "Petursson, Margeir"]
[Black "Georgiev, Todor"]
[Result "1-0"]
[ECO "A36"]
[WhiteElo "2450"]
[BlackElo "2272"]
[Annotator "RC"]
[PlyCount "63"]
[EventDate "2022.07.29"]
[EventType "team-tourn"]
[EventCountry "IND"]
[SourceTitle "playchess.com"]
[Source "ChessBase"]
[SourceQuality "1"]
[WhiteTeam "Iceland"]
[BlackTeam "Bulgaria"]
[WhiteTeamCountry "ISL"]
[BlackTeamCountry "BUL"]
[TimeControl "40/5400+30:1800+30"]

1. c4 g6 2. Nc3 Bg7 3. g3 e5 4. Bg2 Ne7 5. e3 O-O 6. Nge2 c5 7. a3 Nbc6 8. d3 d6 9. O-O Be6 10. Nd5 Rb8 11. Nec3 a6 12. b4 b5 13. Rb1 bxc4 14. dxc4 cxb4 15. axb4 Bxd5 16. cxd5 Nxb4 17. Qa4 a5 18. Bd2 Qb6 19. Na2 Qb5 20. Qxb5 Rxb5 21. Nxb4 axb4 22. Rxb4 Rc5 23. e4 Rc2 24. Be3 f5 25. Rb7 f4 26. Bc1 Nc8 27. Bh3 h5 28. Ba3 Rc3 29. Bb2 Rc4 30. Rc1 Rxc1+ 31. Bxc1 f3 32. Bg5 1-0

[Event "44th Chess Olympiad Open 2022"]
[Site "Chennai"]
[Date "2022.08.09"]
[Round "11.25"]
[White "Yordanov, Lachezar"]
[Black "Kjartansson, Gudmundur"]
[Result "1/2-1/2"]
[ECO "D45"]
[WhiteElo "2316"]
[BlackElo "2448"]
[Annotator "RC"]
[PlyCount "171"]
[EventDate "2022.07.29"]
[EventType "team-tourn"]
[EventCountry "IND"]
[SourceTitle "playchess.com"]
[Source "ChessBase"]
[SourceQuality "1"]
[WhiteTeam "Bulgaria"]
[BlackTeam "Iceland"]
[WhiteTeamCountry "BUL"]
[BlackTeamCountry "ISL"]
[TimeControl "40/5400+30:1800+30"]

1. d4 d5 2. c4 e6 3. Nc3 c6 4. Nf3 Nf6 5. e3 a6 6. Qc2 dxc4 7. Bxc4 b5 8. Bd3 Bb7 9. O-O Nbd7 10. Rd1 Qb6 11. Ne4 Nxe4 12. Bxe4 Nf6 13. Bd3 c5 14. dxc5 Bxc5 15. b3 Rc8 16. Qe2 Bb4 17. Bb2 Bc3 18. Rac1 Bxb2 19. Rxc8+ Bxc8 20. Qxb2 O-O 21. b4 Bb7 22. Nd4 Bd5 23. Nb3 Bxb3 24. Qxb3 Rc8 25. a4 Nd5 26. axb5 axb5 27. h3 h5 28. Qb2 h4 29. Ra1 Nxe3 30. Qe2 Qd4 31. Re1 Nc4 32. Rd1 Qf4 33. Qh5 f5 34. Qe2 Kf7 35. Ra1 Rc7 36. Qh5+ Kf6 37. Qe8 Qd4 38. Re1 Re7 39. Qf8+ Rf7 40. Qe8 Re7 41. Qf8+ Rf7 42. Qe8 Qd7 43. Qxd7 Rxd7 44. Bxc4 bxc4 45. Rc1 Rd4 46. b5 Ke7 47. b6 Kd7 48. Rb1 Kc8 49. Kf1 Kb7 50. Ke2 Rd6 51. Rb4 Rd4 52. Rb1 g5 53. Rb4 g4 54. Rb1 gxh3 55. gxh3 Rd3 56. f3 Rb3 57. Rc1 Rb4 58. Kd2 Kxb6 59. Re1 Kc5 60. Rxe6 Kd4 61. Rd6+ Ke5 62. Rh6 Ra4 63. Kc3 Kf4 64. Rxh4+ Kxf3 65. Rh8 f4 66. h4 Kf2 67. h5 f3 68. h6 Ra5 69. h7 Ra7 70. Kxc4 Re7 71. Kd3 Rd7+ 72. Kc2 Re7 73. Kd2 Re2+ 74. Kd1 Re1+ 75. Kc2 Rh1 76. Kd2 Rh6 77. Kd3 Rh2 78. Kc3 Rh3 79. Kd2 Rh5 80. Kd3 Rh1 81. Kd2 Rh3 82. Kc2 Rh2 83. Kc3 Rh3 84. Kd2 Kf1 85. Rf8 Rxh7 86. Rxf3+ 1/2-1/2

[Event "44th Chess Olympiad Open 2022"]
[Site "Chennai"]
[Date "2022.08.09"]
[Round "11.26"]
[White "Batsuren, Dambasuren"]
[Black "Tologontegin, Semetey"]
[Result "1-0"]
[ECO "A40"]
[WhiteElo "2518"]
[BlackElo "2378"]
[Annotator "RC"]
[PlyCount "61"]
[EventDate "2022.07.29"]
[EventType "team-tourn"]
[EventCountry "IND"]
[SourceTitle "playchess.com"]
[Source "ChessBase"]
[SourceQuality "1"]
[WhiteTeam "Mongolia"]
[BlackTeam "Kyrgyzstan"]
[WhiteTeamCountry "MGL"]
[BlackTeamCountry "KGZ"]
[TimeControl "40/5400+30:1800+30"]

1. d4 e6 2. c4 b6 3. e4 Bb7 4. Bd3 Bb4+ 5. Kf1 Be7 6. Nc3 c5 7. d5 Bf6 8. f4 d6 9. Nf3 Nd7 10. Nb5 Qb8 11. dxe6 fxe6 12. Bc2 Be7 13. Kf2 e5 14. Ng5 a6 15. Nc3 Bxg5 16. Qh5+ g6 17. Qxg5 Ngf6 18. Rf1 O-O 19. Kg1 b5 20. f5 b4 21. Nd5 Nxd5 22. exd5 Qd8 23. Qg3 Kh8 24. Bh6 Rg8 25. fxg6 Qe7 26. Rf7 Qxf7 27. gxf7 Rxg3 28. hxg3 Nf8 29. Rf1 a5 30. Rf6 Rd8 31. Re6 1-0

[Event "44th Chess Olympiad Open 2022"]
[Site "Chennai"]
[Date "2022.08.09"]
[Round "11.26"]
[White "Gundavaa, Bayarsaikhan"]
[Black "Abdyjapar, Asyl"]
[Result "1-0"]
[ECO "E97"]
[WhiteElo "2503"]
[BlackElo "2306"]
[Annotator "RC"]
[PlyCount "153"]
[EventDate "2022.07.29"]
[EventType "team-tourn"]
[EventCountry "IND"]
[SourceTitle "playchess.com"]
[Source "ChessBase"]
[SourceQuality "1"]
[WhiteTeam "Mongolia"]
[BlackTeam "Kyrgyzstan"]
[WhiteTeamCountry "MGL"]
[BlackTeamCountry "KGZ"]
[TimeControl "40/5400+30:1800+30"]

1. d4 Nf6 2. c4 g6 3. Nc3 Bg7 4. e4 d6 5. Be2 O-O 6. Nf3 e5 7. O-O Nc6 8. d5 Ne7 9. b4 c6 10. dxc6 Nxc6 11. Rb1 Bg4 12. Be3 Bxf3 13. Bxf3 Re8 14. Be2 a6 15. f3 Nd4 16. Rf2 Nd7 17. Bf1 Rc8 18. Rc1 Nb6 19. Nb1 Qd7 20. Nd2 Rc7 21. Nb3 Qa4 22. Nxd4 exd4 23. Bxd4 Qxd1 24. Rxd1 Nxc4 25. Bxg7 Kxg7 26. Rc2 Rec8 27. Rdc1 b5 28. Kf2 Kf6 29. Bxc4 bxc4 30. Ke3 d5 31. exd5 Ke5 32. d6 Kxd6 33. Kd4 Re8 34. Rd2 Re5 35. Kc3+ Ke6 36. Rcc2 Rh5 37. g3 Rf5 38. Re2+ Kf6 39. Re3 Rd5 40. Rd2 Rxd2 41. Kxd2 Rd7+ 42. Kc3 Rd1 43. Kxc4 Rd2 44. Ra3 Rxh2 45. Rxa6+ Ke5 46. Ra3 h5 47. f4+ Kd6 48. Rd3+ Kc7 49. a4 f6 50. a5 g5 51. fxg5 fxg5 52. Rd5 g4 53. Kb5 h4 54. gxh4 Rxh4 55. Rg5 Kb8 56. Rg8+ Ka7 57. Rg7+ Kb8 58. a6 Rh5+ 59. Kb6 Rh6+ 60. Ka5 Rh5+ 61. b5 g3 62. Rxg3 Ka7 63. Rg7+ Ka8 64. Rd7 Rg5 65. Kb6 Rg6+ 66. Kc5 Rg5+ 67. Rd5 Rg1 68. b6 Rc1+ 69. Kd4 Rd1+ 70. Ke5 Re1+ 71. Kf6 Rf1+ 72. Ke7 Re1+ 73. Kd7 Ra1 74. Rc5 Rd1+ 75. Kc8 Rb1 76. b7+ Ka7 77. Rc7 1-0

[Event "44th Chess Olympiad Open 2022"]
[Site "Chennai"]
[Date "2022.08.09"]
[Round "11.26"]
[White "Markov, Mikhail"]
[Black "Amartuvshin, Ganzorig"]
[Result "1-0"]
[ECO "E08"]
[WhiteElo "2333"]
[BlackElo "2409"]
[Annotator "RC"]
[PlyCount "71"]
[EventDate "2022.07.29"]
[EventType "team-tourn"]
[EventCountry "IND"]
[SourceTitle "playchess.com"]
[Source "ChessBase"]
[SourceQuality "1"]
[WhiteTeam "Kyrgyzstan"]
[BlackTeam "Mongolia"]
[WhiteTeamCountry "KGZ"]
[BlackTeamCountry "MGL"]
[TimeControl "40/5400+30:1800+30"]

1. c4 Nf6 2. Nf3 e6 3. g3 d5 4. d4 Bb4+ 5. Bd2 Be7 6. Bg2 O-O 7. O-O c6 8. Qc2 Nbd7 9. Bf4 b6 10. cxd5 cxd5 11. Qc6 Ba6 12. Nc3 Qc8 13. Qa4 Qb7 14. Nb5 Rac8 15. Rfc1 Ne4 16. Nc7 Nb8 17. Nxa6 Nxa6 18. Ne5 b5 19. Qd1 Nd6 20. h4 Nc4 21. Nd3 Qb6 22. b3 Nd6 23. Rxc8 Rxc8 24. Rc1 Rxc1 25. Qxc1 h6 26. Bxd6 Qxd6 27. Qc8+ Bd8 28. Ne5 Nc7 29. Nd7 Qe7 30. e4 dxe4 31. Bxe4 Ne8 32. Bc6 b4 33. Qa8 Nf6 34. Ne5 a5 35. Bf3 Qf8 36. Nc6 1-0

[Event "44th Chess Olympiad Open 2022"]
[Site "Chennai"]
[Date "2022.08.09"]
[Round "11.26"]
[White "Zhakshylykov, Erzhan"]
[Black "Gan-Erdene, Sugar"]
[Result "1/2-1/2"]
[ECO "B67"]
[WhiteElo "2332"]
[BlackElo "2428"]
[Annotator "RC"]
[PlyCount "49"]
[EventDate "2022.07.29"]
[EventType "team-tourn"]
[EventCountry "IND"]
[SourceTitle "playchess.com"]
[Source "ChessBase"]
[SourceQuality "1"]
[WhiteTeam "Kyrgyzstan"]
[BlackTeam "Mongolia"]
[WhiteTeamCountry "KGZ"]
[BlackTeamCountry "MGL"]
[TimeControl "40/5400+30:1800+30"]

1. e4 c5 2. Nf3 d6 3. d4 cxd4 4. Nxd4 Nf6 5. Nc3 Nc6 6. Bg5 e6 7. Qd2 a6 8. O-O-O Bd7 9. f3 Be7 10. h4 h6 11. Be3 h5 12. Bg5 Qc7 13. Be2 b5 14. Bxb5 axb5 15. Ndxb5 Qb8 16. Nxd6+ Kf8 17. f4 Be8 18. e5 Bxd6 19. exd6 Bd7 20. Bxf6 gxf6 21. a3 f5 22. Qe2 Qb6 23. Rh3 Rb8 24. Na4 Qa7 25. Nc3 1/2-1/2

[Event "44th Chess Olympiad Open 2022"]
[Site "Chennai"]
[Date "2022.08.09"]
[Round "11.27"]
[White "Priasmoro, Novendra"]
[Black "Rahman, Ziaur"]
[Result "0-1"]
[ECO "B42"]
[WhiteElo "2494"]
[BlackElo "2424"]
[Annotator "RC"]
[PlyCount "82"]
[EventDate "2022.07.29"]
[EventType "team-tourn"]
[EventCountry "IND"]
[SourceTitle "playchess.com"]
[Source "ChessBase"]
[SourceQuality "1"]
[WhiteTeam "Indonesia"]
[BlackTeam "Bangladesh"]
[WhiteTeamCountry "INA"]
[BlackTeamCountry "BAN"]
[TimeControl "40/5400+30:1800+30"]

1. e4 c5 2. Nf3 e6 3. d4 cxd4 4. Nxd4 a6 5. Bd3 Bc5 6. Nb3 Ba7 7. Qe2 Ne7 8. Be3 O-O 9. Bxa7 Rxa7 10. Qe3 Nbc6 11. N1d2 e5 12. h4 d6 13. h5 h6 14. g4 f6 15. O-O-O b5 16. Nf3 Rb7 17. Nh4 a5 18. Kb1 a4 19. Nc1 a3 20. b3 Qa5 21. Ne2 Bxg4 22. Rdg1 Bxe2 23. Qxh6 Ng6 24. Rxg6 Qc3 25. Qc1 Bxd3 26. cxd3 Qxd3+ 27. Qc2 Qxc2+ 28. Kxc2 Rc8 29. Kd2 Nd4 30. Rc1 Rxc1 31. Kxc1 Rc7+ 32. Kd1 Nxb3 33. Nf5 Rc1+ 34. Ke2 Nd4+ 35. Nxd4 exd4 36. h6 Rc2+ 37. Kd3 Rxa2 38. Rxg7+ Kh8 39. Kxd4 Rb2 40. Ra7 Rb4+ 41. Kc3 Ra4 0-1

[Event "44th Chess Olympiad Open 2022"]
[Site "Chennai"]
[Date "2022.08.09"]
[Round "11.27"]
[White "Hossain, Enamul"]
[Black "Megaranto, Susanto"]
[Result "1/2-1/2"]
[ECO "C54"]
[WhiteElo "2377"]
[BlackElo "2529"]
[Annotator "RC"]
[PlyCount "230"]
[EventDate "2022.07.29"]
[EventType "team-tourn"]
[EventCountry "IND"]
[SourceTitle "playchess.com"]
[Source "ChessBase"]
[SourceQuality "1"]
[WhiteTeam "Bangladesh"]
[BlackTeam "Indonesia"]
[WhiteTeamCountry "BAN"]
[BlackTeamCountry "INA"]
[TimeControl "40/5400+30:1800+30"]

1. e4 e5 2. Nf3 Nc6 3. Bc4 Nf6 4. d3 Bc5 5. c3 d6 6. O-O Bb6 7. a4 h6 8. Re1 O-O 9. h3 a6 10. Nbd2 Ne7 11. Ba2 Ng6 12. d4 c6 13. Nc4 Bc7 14. d5 cxd5 15. exd5 b5 16. Ne3 Bd7 17. axb5 axb5 18. Nc2 Bb6 19. Be3 Bxe3 20. Rxe3 Nf4 21. Nfe1 Ra4 22. Nb4 Bf5 23. Bb3 Rxa1 24. Qxa1 Qb6 25. Qd1 Ra8 26. Bc2 Bd7 27. Bb3 Qc5 28. Ned3 Nxd3 29. Nxd3 Qa7 30. Re1 Bf5 31. Nb4 Qc5 32. Qf3 Bg6 33. Kh2 Kh8 34. Kg1 Nh5 35. Bc2 Nf6 36. Bxg6 fxg6 37. Qd3 g5 38. Rd1 g4 39. hxg4 Nxg4 40. Qf5 Nf6 41. Qe6 Ne4 42. Qf5 Nf6 43. Qe6 Qc7 44. Nc2 Re8 45. Qf5 Qc4 46. Ne3 Qa4 47. Qg6 Rf8 48. Rf1 Qa7 49. Qd3 b4 50. cxb4 Qb7 51. b5 Rb8 52. Rc1 Qxb5 53. Rc8+ Ng8 54. Qxb5 Rxb5 55. Nf5 Kh7 56. Rc7 Nf6 57. Rxg7+ Kh8 58. Rg6 Nxd5 59. Rxh6+ Kg8 60. Rxd6 Nb6 61. Re6 Nc4 62. Nd6 Nxd6 63. Rxd6 Rxb2 64. Rd5 Rb1+ 65. Kh2 Re1 66. Rd7 Kf8 67. Rd3 Ra1 68. Re3 Ra5 69. Kg3 Kf7 70. Kg4 Kg6 71. f3 Kf6 72. Re4 Ra2 73. g3 Ra8 74. Rb4 Rg8+ 75. Kh3 Rh8+ 76. Kg2 Ra8 77. Rb6+ Kf7 78. g4 Ra3 79. Kf2 Rc3 80. Rb4 Kf6 81. Re4 Rc2+ 82. Kg3 Rc3 83. Kf2 Rc2+ 84. Re2 Rc1 85. Re3 Rc2+ 86. Kg3 Rc1 87. Rb3 Rg1+ 88. Kf2 Ra1 89. Rb6+ Kf7 90. Ke3 Re1+ 91. Kf2 Ra1 92. Rh6 Rb1 93. Rh5 Ke6 94. Rf5 Rb3 95. Kg2 Ra3 96. Rf8 Ke7 97. Rh8 Kf7 98. Rh6 Rb3 99. Kf2 Ra3 100. Ke2 Rb3 101. Rd6 Ke7 102. Rd3 Rb1 103. Ke3 Re1+ 104. Kf2 Ra1 105. Kg3 Kf6 106. Rd8 Rg1+ 107. Kf2 Ra1 108. Rf8+ Ke7 109. Rf5 Ke6 110. Kg3 Rh1 111. f4 exf4+ 112. Rxf4 Rh7 113. g5 Rf7 114. Rf6+ Rxf6 115. gxf6 Kxf6 1/2-1/2

[Event "44th Chess Olympiad Open 2022"]
[Site "Chennai"]
[Date "2022.08.09"]
[Round "11.27"]
[White "Kurniawan, Muhamad Agus"]
[Black "Mehdi Hasan Parag"]
[Result "1-0"]
[ECO "C77"]
[WhiteElo "2328"]
[BlackElo "2227"]
[Annotator "RC"]
[PlyCount "83"]
[EventDate "2022.07.29"]
[EventType "team-tourn"]
[EventCountry "IND"]
[SourceTitle "playchess.com"]
[Source "ChessBase"]
[SourceQuality "1"]
[WhiteTeam "Indonesia"]
[BlackTeam "Bangladesh"]
[WhiteTeamCountry "INA"]
[BlackTeamCountry "BAN"]
[TimeControl "40/5400+30:1800+30"]

1. e4 e5 2. Nf3 Nc6 3. Bb5 a6 4. Ba4 Nf6 5. O-O Be7 6. d3 b5 7. Bb3 O-O 8. Nc3 d6 9. a3 h6 10. Nd5 Rb8 11. Be3 Re8 12. h3 Be6 13. Qd2 Bf8 14. Ba2 Bxd5 15. exd5 Ne7 16. c4 Ng6 17. Qa5 c5 18. Qxa6 b4 19. axb4 Rxb4 20. Qa3 Qb8 21. Nd2 Nh5 22. Bb3 f5 23. Bd1 Nf6 24. Nb3 Rb7 25. Na5 Ra7 26. Qc3 Qc7 27. Ra3 f4 28. Bd2 e4 29. Re1 f3 30. gxf3 exf3 31. Rxe8 Nxe8 32. Bxf3 Ne5 33. Bg2 Qf7 34. d4 cxd4 35. Qxd4 g5 36. f4 Ng6 37. fxg5 Bg7 38. Qg4 hxg5 39. Nc6 Rxa3 40. bxa3 Nf4 41. Bxf4 Qxf4 42. Ne7+ 1-0